 Dungeon Crawl Stone Soup version 0.30-a0-879-ga8ba668304 (webtiles) character file.

Game seed: 3793781289164707265

130 Iich the Trooper (level 4, -8/37 HPs)
             Began as a Demonspawn Fighter on Mar 12, 2023.
             Mangled by an ogre
             ... wielding a +0 giant club
              (17 damage)
             ... on level 4 of the Dungeon.
             The game lasted 00:03:12 (2293 turns).

Iich the Trooper (Demonspawn Fighter)               Turns: 2293, Time: 00:03:13

Health: -8/37      AC:  9    Str: 23    XL:     4   Next: 89%
Magic:  4/4        EV:  7    Int:  9    God:
Gold:   159        SH:  4    Dex: 14    Spells: 3/3 levels left

rFire   . . .      SeeInvis .    a - +0 war axe
rCold   . . .      Faith    .    c - +0 buckler
rNeg    . . .      Spirit   .    m - +0 chain mail
rPois   .          Reflect  .    (no helmet)
rElec   .          Rampage  .    (no cloak)
rCorr   +                        (no gloves)
Will    .....                    (no boots) Stlth
                                 (no amulet)
HPRegen 0.26/turn                e - +6 ring of strength
MPRegen 0.09/turn                f - ring of resist corrosion

@: mighty, hasted, very quick
A: powered by pain 1, sharp scales 1
a: no special abilities


You were on level 4 of the Dungeon.
You visited 1 branch of the dungeon, and saw 4 of its levels.

You collected 159 gold pieces.

Inventory:

Hand Weapons
 a - a +0 war axe (weapon)
Armour
 b - a +0 scale mail
 c - a +0 buckler (worn)
 m - a +0 chain mail (worn)
Jewellery
 e - a +6 ring of strength (left hand)
 f - a ring of resist corrosion (right hand)
Scrolls
 j - a scroll of blinking
 l - a scroll of enchant weapon {unknown}
 o - a scroll of magic mapping {unknown}
Potions
 d - a potion of might
 h - a potion of lignification {unknown}
 i - a potion of degeneration {unknown}
 k - 2 potions of curing {unknown}
 n - a potion of attraction {unknown}


   Skills:
 + Level 4.0 Fighting
 * Level 4.0 Axes
 - Level 2.6 Armour
 - Level 2.6 Shields


You had 3 spell levels left.
You didn't know any spells.
Your spell library contained the following spells:

 Spells                   Type           Power      Damage    Failure   Level
 Beastly Appendage        Tmut           0%         N/A       99%         1
 Magic Dart               Conj           0%         1d3       99%         1
 Call Imp                 Summ           0%         N/A       100%        2
 Wereblood                Tmut           0%         N/A       100%        2
 Mephitic Cloud           Conj/Pois/Air  0%         N/A       100%        3
 Spider Form              Tmut/Pois      0%         N/A       100%        3


Dungeon Overview and Level Annotations

Branches:
Dungeon (4/15)
 Temple: D:4-7

Altars:

Shops:
D:3 :


Innate Abilities, Weirdness & Mutations

You sometimes gain a little power by taking damage.
You are partially covered in razor-sharp scales. (AC +1, Slay +1)


Message History

The goblin shouts!
A kobold comes into view. It is wielding a +0 whip.
Found 6 stones.
The kobold shouts!
You slash the goblin!
You kill the goblin!
The kobold closely misses you.
Things that are here:
a +0 club; a goblin corpse You barely miss the kobold.
The kobold barely misses you.
You closely miss the kobold. The kobold hits you but does no damage.
You slash the kobold!
You kill the kobold!
No target in view!
No target in view!
No target in view!
No target in view!
No target in view!
No target in view!
No target in view!
You open the door.
There is an open door here.
Found 8 stones.
You open the door.
An ogre comes into view. It is wielding a +0 giant club.
The ogre shouts!
You block the ogre's attack.
There is an open door here.
The ogre hits you with a +0 giant club!!
Ouch! That really hurt!
* * * LOW HITPOINT WARNING * * *
You focus on the pain.
You feel very mighty all of a sudden.
There is an open door, spattered with blood here.
You slice the ogre!!
The ogre is severely wounded.
The ogre hits you with a +0 giant club.
* * * LOW HITPOINT WARNING * * *
You feel yourself speed up. The ogre hits you with a +0 giant club!
You die...

######## .......#
########### .......#
#.......... .......#
#..O.......
.......#########@###
.......#.....#.....#
.......#.....#.....#
.......+.....#.....#
.......#'#####.....#
...................#
).....................
.)..............(......
.......................


You could see an ogre.

Vanquished Creatures
  4 adders
  An ufetubus (D:3)
  2 worms (D:2)
  A dart slug (D:1)
  10 orcs (D:3)
  4 ball pythons
  5 bats
  4 endoplasms
  2 giant cockroaches (D:3)
  6 goblins
  5 hobgoblins
  2 jackals (D:3)
  3 quokkas
  5 frilled lizards
  5 kobolds
  10 rats
69 creatures vanquished.

Notes
Turn   | Place    | Note
-------+----------+-------------------------------------------
     0 | D:1      | Iich the Demonspawn Fighter began the quest for the Orb.
     0 | D:1      | Reached XP level 1. HP: 18/18 MP: 1/1
   271 | D:1      | Gained mutation: You sometimes gain a little power by
                  | taking damage. [demonic ancestry]
   271 | D:1      | Reached XP level 2. HP: 24/24 MP: 2/2
   603 | D:1      | Reached XP level 3. HP: 29/29 MP: 3/3
  1656 | D:3      | Gained mutation: You are partially covered in razor-sharp
                  | scales. (AC +1, Slay +1) [demonic ancestry]
  1656 | D:3      | Reached XP level 4. HP: 20/37 MP: 4/4
  2059 | D:3      | Found Imnin's Book Emporium.
  2288 | D:4      | Noticed an ogre
  2293 | D:4      | Mangled by an ogre

Illustrated notes

Levels and vault maps discovered:
D:1:      dpeg_arrival_short_road, layout_loops_ring
D:2:      layout_basic
D:3:      layout_rooms, serial_shops, nicolae_shop_crystal
D:4:      layout_gridville

Skill      XL: |  1  2  3  4 |
---------------+-------------+-----
Axes           | 2 3 4 |  4.0
Fighting       | 4 |  4.0
Armour         | |  2.6
Shields        | |  2.6

Action                     |  1- 3 |  4- 6 || total
---------------------------+-------+-------++-------
  Melee: War axe           |   116 |    59 ||   175
    Use: Scroll            |       |     2 ||     2
         Potion            |       |     1 ||     1
 Armour: Scale mail        |    58 |    22 ||    80
         Chain mail        |       |    22 ||    22
  Dodge: Dodged            |    53 |    38 ||    91
  Block: Buckler           |    32 |    20 ||    52

Table legend: (Time is in decaauts)
 A = Elapsed time spent in this place.
 B = Non-inter-level travel time spent in this place.
 C = Inter-level travel time spent in this place.
 D = Time resting spent in this place.
 E = Time spent auto-exploring this place.
 F = Levels seen in this place.
 G = Mean time per level.
                   A        B        C        D        E       F      G
               +--------+--------+--------+--------+--------+-----+--------+
         Total |   2359 |   2309 |     50 |      0 |   1844 |   4 |  589.8 |
       Dungeon |   2359 |   2309 |     50 |      0 |   1844 |   4 |  589.8 |
               +--------+--------+--------+--------+--------+-----+--------+

Top non-repeatable levels by time:
     D:2: 865 daAuts
     D:1: 775 daAuts
     D:3: 585 daAuts
     D:4: 133 daAuts
